 Dungeon Sprint DCSS version 0.23.2 (webtiles) character file.

Game seed: 15982657990246919167

296 Chiseanne the Fighter (level 6, -4/65 HPs)
             Began as a Demonspawn Wanderer on Apr 8, 2019.
             Slain by a centaur warrior (11 damage)
             ... in the Dungeon (Sprint I: "Red Sonja") on Apr 9, 2019.
             The game lasted 00:01:46 (534 turns).

Chiseanne the Fighter (Demonspawn Wanderer)          Turns: 534, Time: 00:01:47

Health: -4/65      AC: 14    Str: 14    XL:     6   Next: 12%
Magic:  6/6        EV:  9    Int: 11    God:
Gold:   162        SH:  0    Dex: 15    Spells: 5/5 levels left

rFire    . . .     SeeInvis .   a - +0 mace
rCold    . . .     Gourm    .   (no shield)
rNeg     . . .     Faith    .   b - +2 scale mail
rPois    .         Spirit   .   (no helmet)
rElec    .         Reflect  .   (no cloak)
rCorr    .         Harm     .   (no gloves)
MR       .....     NoTele   +   (no boots)
Stlth    ..........             (no amulet)
HPRegen  0.20/turn              i - ring of wizardry
MPRegen  0.10/turn              (no ring)

@: sanguine armour
A: spiny 1, sanguine armour 1
a: no special abilities


You were in the Dungeon.
You were not hungry.

You visited 1 branch You collected 162 gold pieces.

Inventory:

Hand Weapons
 a - a +0 mace (weapon)
Armour
 b - a +2 scale mail (worn)
Jewellery
 i - a ring of wizardry (left hand)
Scrolls
 j - a scroll of blinking
Potions
 c - a potion of lignification
 h - 2 potions of magic
Comestibles
 d - a ration
 g - a chunk of flesh


   Skills:
 * Level 12.8 Fighting
 - Level 1.7 Maces & Flails
 - Level 2.6 Armour
   Level 1.7 Shields


You had 5 spell levels left.
You didn't know any spells.
Your spell library was empty.

Dungeon Overview and Level Annotations

Branches:
Dungeon (1/1)

Altars:
Makhleb
Sif Muna
Vehumet
Wu Jian
Xom
Jiyva
Lugonu


Innate Abilities, Weirdness & Mutations

You are partially covered in sharp spines.
When seriously injured, your bleeding wounds create armour. (AC +6)


Message History

You sock the centaur warrior!
The centaur warrior is heavily wounded.
The centaur warrior hits you.
* * * LOW HITPOINT WARNING * * *
The centaur warrior closely misses you.
You feel better.
The centaur warrior is struck by your spines.
The centaur warrior hits you but does no damage. x2
You barely miss the centaur warrior.
The centaur warrior is heavily wounded.
The centaur warrior hits you!
* * * LOW HITPOINT WARNING * * *
The centaur warrior hits you!
* * * LOW HITPOINT WARNING * * *
You hit the centaur warrior.
The centaur warrior is heavily wounded.
The centaur warrior hits you.
* * * LOW HITPOINT WARNING * * *
The centaur warrior hits you!
You die...

################ ##
#<.#..)..#..'..#__#
#..').#..').#..+J.+
#..#####'#####'#__#
# #..# #..#
#.####§(# #..# ####
##(#§§≈..# #..#
#§§@§§≈§§§ #⌠⌠#
+..§§#c≈§..# ####
#_.#+##+#### ##+


You could see a centaur warrior.

Vanquished Creatures
  Sigmund (D)
  An ogre (D)
  A jelly (D)
  Ijyb (D)
4 creatures vanquished.

Notes
Turn   | Place    | Note
-------+----------+-------------------------------------------
     0 | D        | Chiseanne the Demonspawn Wanderer began the quest for the
                  | Orb.
     0 | D        | Chiseanne set off with the following items: a +0 mace, a +2
                  | scale mail, a potion of lignification, a ration, a potion
                  | of curing, a potion of heal wounds, a potion of haste, 2
                  | potions of magic, a potion of berserk rage, a scroll of
                  | blinking
     0 | D        | Reached XP level 1. HP: 18/18 MP: 1/1
     1 | D        | Noticed Ijyb
    49 | D        | Killed Ijyb
    49 | D        | Reached skill level 6 in Fighting
    49 | D        | Gained mutation: When seriously injured, your bleeding
                  | wounds create armour. (AC +6) [demonic ancestry]
    49 | D        | Reached XP level 2. HP: 14/29 MP: 2/2
   214 | D        | Noticed an ogre
   218 | D        | Killed an ogre
   218 | D        | Reached skill level 9 in Fighting
   218 | D        | Reached XP level 3. HP: 32/41 MP: 3/3
   218 | D        | Reached XP level 4. HP: 36/47 MP: 4/4
   364 | D        | Noticed Sigmund
   385 | D        | Killed Sigmund
   385 | D        | Reached skill level 12 in Fighting
   385 | D        | Reached XP level 5. HP: 43/58 MP: 5/5
   385 | D        | Gained mutation: You are partially covered in sharp spines.
                  | [demonic ancestry]
   385 | D        | Reached XP level 6. HP: 48/65 MP: 6/6
   488 | D        | Found a burning altar of Makhleb.
   488 | D        | Found a viscous altar of Jiyva.
   488 | D        | Found a shimmering altar of Xom.
   488 | D        | Found a corrupted altar of Lugonu.
   488 | D        | Noticed a slime creature
   490 | D        | Found an ornate altar of the Wu Jian Council.
   490 | D        | Found a deep blue altar of Sif Muna.
   492 | D        | Found a radiant altar of Vehumet.
   519 | D        | Noticed a centaur warrior
   519 | D        | Noticed a centaur warrior
   534 | D        | Slain by a centaur warrior

Skill      XL: |  1  2  3  4 |
---------------+-------------+-----
Fighting       | 6 9 12 | 12.8
Maces & Flails | |  1.7
Armour         | |  2.6
Shields        | |  1.7

Action                   |  1- 3 |  4- 6 || total
-------------------------+-------+-------++-------
Melee: Mace              |    50 |    30 ||    80
  Use: Potion            |     1 |     3 ||     4
Armor: Scale mail        |    31 |     7 ||    38
Dodge: Dodged            |    16 |     7 ||    23
